AoeStats
← savvas1987

Coastal Forest

510388176Analyzed
3v3 RM · 1d ago on Sep 30, 2026· 82m 19s· 6 players
Game mode
Random Map
Map size
Normal (6 player)
Population
200
Speed
Normal
Resources
Standard
Victory
Conquest
Starting age
Dark Age
Ending age
Imperial Age
RankedLock teamsTeams togetherTeam positionsShared explorationLock speedFull tech treeHidden civsTurbo modeCheats
Victory
Defeat
🇸🇪 Khmer · Sweden
816
+12
🇸🇪 Huns · Sweden
746
+15
🇸🇪 Bengalis · Sweden
742
+15
🇺🇸 Magyars · United States
776
-16
🇧🇷 Goths · Brazil
730
-14
🇬🇷 Bohemians · Greece
664
-12
-Z-Wolftrap-Z-
2:17 Loom
11:14 Feudal Age
12:25 Double-Bit Axe
18:01 Castle Age
17:04 Fletching
19:00 Bow Saw
18:33 Horse Collar
20:13 Bodkin Arrow
26:42 Scale Barding Armor
29:24 Thumb Ring
29:21 Husbandry
31:38 Heavy Plow
32:48 Wheelbarrow
33:05 Bloodlines
32:58 Padded Archer Armor
32:49 Town Watch
33:20 Corvinian Army
34:43 Chain Barding Armor
36:53 Ballistics
37:48 Leather Archer Armor
38:44 Hand Cart
40:44 Masonry
45:15 Imperial Age
43:45 Heated Shot
46:41 Cavalier
48:14 Paladin
48:47 Elite Magyar Huszar
49:12 Capped Ram
50:01 Bracer
52:24 Plate Barding Armor
55:47 Heavy Cavalry Archer
56:53 Parthian Tactics
71:20 Elite Skirmisher
79:35 Crop Rotation
brunoghizzokonig
0:29 Loom
12:09 Feudal Age
17:34 Castle Age
25:50 Double-Bit Axe
25:54 Horse Collar
26:08 Gold Mining
26:29 Caravan
33:00 Imperial Age
31:06 Wheelbarrow
34:46 Bow Saw
39:17 Heavy Plow
40:46 Two-Man Saw
40:10 Perfusion
40:31 Conscription
40:12 Anarchy
40:32 Hand Cart
40:30 Forging
40:21 Scale Mail Armor
40:21 Padded Archer Armor
40:12 Fletching
39:49 Man-at-Arms
39:49 Pikeman
40:30 Squires
40:22 Town Watch
41:11 Crop Rotation
40:34 Stone Mining
41:50 Chemistry
40:44 Heated Shot
40:28 Long Swordsman
40:36 Halberdier
42:03 Town Patrol
42:20 Chain Mail Armor
42:41 Iron Casting
45:06 Guilds
45:12 Two-Handed Swordsman
46:55 Blast Furnace
45:50 Bodkin Arrow
47:11 Elite Huskarl
47:15 Elite Skirmisher
47:19 Champion
66:14 Bracer
66:30 Leather Archer Armor
savvas1987
14:33 Feudal Age
20:39 Castle Age
28:10 Redemption
38:39 Imperial Age
38:21 Chemistry
FuriousHenry
0:35 Loom
13:48 Feudal Age
15:22 Wheelbarrow
14:32 Town Watch
15:41 Double-Bit Axe
17:14 Horse Collar
18:42 Fishing Lines
19:44 Bloodlines
23:37 Gold Mining
27:47 Castle Age
26:45 Scale Barding Armor
26:31 Fletching
27:43 Stone Mining
28:26 Forging
29:11 Heavy Plow
29:23 Bow Saw
29:14 Bodkin Arrow
29:20 Padded Archer Armor
29:43 Squires
29:04 Pikeman
29:47 Husbandry
29:55 Thumb Ring
30:48 Gillnets
37:18 Gold Shaft Mining
40:36 Imperial Age
38:22 Hand Cart
38:07 Town Patrol
39:16 Marauders
39:58 Leather Archer Armor
40:19 Iron Casting
39:45 Scale Mail Armor
40:05 Chain Barding Armor
40:11 Fervor
40:22 Sanctity
41:03 Cavalier
42:43 Bracer
43:44 Atheism
42:46 Elite Tarkan
42:55 Elite Tarkan
43:56 Atheism
44:07 Conscription
44:18 Parthian Tactics
44:14 Guilds
43:29 Heavy Cavalry Archer
43:37 Heavy Cavalry Archer
45:43 Two-Man Saw
46:01 Heresy
48:58 Capped Ram
50:24 Ballistics
51:05 Chemistry
50:02 Murder Holes
50:18 Careening
50:19 Clinker Construction
50:20 Masonry
51:42 Caravan
52:01 Medium Warships
53:06 Siege Ram
53:14 Elite Skirmisher
59:35 Paladin
61:24 Light Cavalry
67:17 Blast Furnace
66:32 Chain Mail Armor
66:53 Plate Barding Armor
66:13 Hussar
72:36 Devotion
73:02 Illumination
72:38 Atonement
75:39 Heavy Warships
74:35 Demolition Ship
77:40 Sappers
chrianders
11:54 Feudal Age
12:17 Horse Collar
12:26 Double-Bit Axe
15:08 Wheelbarrow
18:17 Castle Age
17:19 Fletching
21:05 Padded Archer Armor
21:01 Bodkin Arrow
20:55 Town Watch
23:24 Leather Archer Armor
24:36 Scale Barding Armor
26:44 Ballistics
26:46 Chain Barding Armor
29:53 Heavy Plow
30:31 Stone Mining
31:12 Husbandry
31:40 Bloodlines
37:19 Imperial Age
35:06 Gold Mining
35:59 Paiks
37:41 Elite Elephant Archer
38:45 Conscription
38:37 Bracer
39:47 Ring Archer Armor
40:46 Chemistry
41:11 Plate Barding Armor
41:28 Gold Shaft Mining
42:55 Murder Holes
52:04 Masonry
52:12 Hand Cart
52:02 Town Patrol
54:55 Guilds
60:46 Caravan
67:08 Forging
GrottUlla
0:28 Loom
14:22 Feudal Age
17:05 Town Watch
19:50 Castle Age
17:47 Double-Bit Axe
19:18 Horse Collar
19:36 Gold Mining
20:40 Pikeman
24:13 Stone Mining
28:31 Wheelbarrow
31:42 Bow Saw
32:32 Heavy Plow
32:34 Arson
38:05 Imperial Age
36:17 Tusk Swords
38:38 Hand Cart
40:52 Heavy Scorpion
41:52 Man-at-Arms
43:09 Double Crossbow
44:49 Chemistry
44:09 Ballistics
44:02 Forging
43:43 Fletching
43:53 Padded Archer Armor
46:18 Light Cavalry
47:08 Bloodlines
46:59 Husbandry
49:46 Conscription
49:34 Long Swordsman
53:24 Capped Ram
58:56 Elite Battle Elephant
60:31 Caravan
61:01 Coinage
62:04 Halberdier
64:30 Siege Ram
74:42 Banking
76:13 Iron Casting
75:33 Bodkin Arrow
75:40 Scale Mail Armor
75:45 Scale Barding Armor
75:56 Leather Archer Armor
75:34 Heated Shot
75:50 Siege Engineers
77:12 Hussar
80:47 Blast Furnace
79:47 Bracer
Connection lost

Rejoining the realm…

Still unreachable

The connection could not be restored.

Session expired

The server has moved on; the page needs a fresh start.